Map: Newkirk Precinct TE (Void)

Players

iAsonu - Winner!

  • Race: Zerg Zerg
  • Spawn Location: 7:00

Probe

  • Race: Protoss Protoss
  • Spawn Location: 5:00

Event: WCS Austin 2017

VOD

Have the link to the VOD?

Description

Time

  • Played on: April 28, 2017, 8:42 p.m.
  • Length: 10:12

All games in this series

Show
View Real Time Build Order
Export as new Build Order

iAsonu Zerg - Winner!

Build Orders: Hatch First 

Get SALT Encoding   

  12  0:00  Drone  
  13  0:13  Overlord  
  13  0:18  Drone  
  14  0:32  Drone x2  
  16  0:50  Hatchery  
  16  0:52  Drone  
  16  0:56  Drone  
  17  0:59  Drone  
  18  1:10  Extractor  
  17  1:16  Spawning Pool  
  17  1:18  Drone  
  17  1:22  Drone  
  18  1:29  Drone  
  19  1:40  Drone  
  20  1:50  Hatchery  
  20  1:52  Drone  
  20  2:03  Zergling x2  
  20  2:05  Queen  
  23  2:09  Drone  
  24  2:18  Queen  
  26  2:25  Overlord  
  26  2:30  Drone  
  26  2:34  Drone  
  28  2:40  Metabolic Boost  
  28  2:46  Zergling x4  
  28  2:50  Drone x3  
  33  2:56  Queen  
  35  3:01  Overlord  
  35  3:06  Drone  
  35  3:10  Queen  
  38  3:13  Drone  
  38  3:17  Drone  
  38  3:18  Drone  
  41  3:21  Drone  
  41  3:23  Drone  
  41  3:25  Drone  
  43  3:29  Overlord  
  43  3:31  Drone  
  44  3:36  Drone  
  44  3:37  Drone x2  
  47  3:41  Drone x2  
  47  3:47  Overlord, Evolution Chamber  
  48  3:49  Drone  
  48  3:52  Lair  
  50  3:56  Roach Warren  
  50  4:00  Drone, Extractor x2  
  50  4:01  Drone  
  50  4:02  Drone  
  50  4:03  Drone  
  50  4:07  Drone x2  
  50  4:09  Drone  
  54  4:10  Drone  
  54  4:12  Drone  
  54  4:14  Drone x2  
  59  4:17  Drone  
  59  4:19  Overlord  
  59  4:22  Drone x2  
  61  4:25  Drone  
  61  4:28  Spore Crawler  
  61  4:31  Overlord  
  61  4:39  Roach x4  
  61  4:43  Spore Crawler  
  61  4:45  Roach x2  
  72  4:51  Roach  
  72  4:52  Roach x2  
  78  4:53  Overseer  
  78  4:58  Spore Crawler  
  77  5:01  Roach  
  77  5:02  Roach  
  77  5:05  Drone  
  77  5:06  Overlord  
  82  5:10  Overlord  
  82  5:12  Glial Reconstitution  
  81  5:15  Overlord  
  81  5:16  Evolution Chamber  
  80  5:22  Overlord  
  80  5:23  Overseer  
  80  5:25  Drone x6  
  80  5:26  Drone  
  80  5:28  Drone  
  88  5:32  Drone x2, Extractor  
  88  5:34  Drone x2  
  91  5:36  Drone  
  91  5:38  Drone  
  93  5:51  Drone  
  93  5:53  Drone  
  93  5:58  Extractor  
  93  5:59  Zerg Missile Weapons Level 1  
  93  6:00  Roach x8  
  93  6:03  Overlord  
  108  6:16  Roach x2  
  112  6:18  Overlord  
  112  6:21  Queen, Hatchery  
  112  6:25  Roach x4  
  121  6:27  Overlord  
  121  6:33  Overlord  
  121  6:36  Overlord  
  121  6:38  Zergling x12  
  127  6:45  Overlord  
  127  6:48  Zergling x2  
  127  6:49  Zergling x2  
  129  6:54  Zergling x2  
  129  7:01  Zergling x12  
  129  7:03  Ravager  
  129  7:04  Ravager x5  
  136  7:09  Zergling x10  
  136  7:10  Zergling x2  
  136  7:11  Baneling Nest  
  141  7:21  Zergling x6  
  142  7:29  Zergling x10  
  146  7:34  Zergling x4  
  146  7:35  Ravager x3  
  146  7:37  Zergling x8  
  152  7:43  Zergling x2  
  155  7:46  Zergling x6  
  150  7:52  Zergling x2  
  150  7:53  Zergling x4, Zerg Melee Weapons Level 1  
  150  7:56  Zergling x2  
  150  7:57  Zergling x2  
  136  8:04  Zergling x10  
  124  8:07  Zergling x14  
  124  8:10  Centrifical Hooks  
  127  8:14  Zergling x2  
  128  8:20  Zergling x6  
  128  8:23  Ravager x2  
  128  8:24  Ravager x2  
  128  8:25  Zergling x2  
  128  8:26  Zergling x2  
  136  8:32  Queen  
  138  8:36  Zergling x8  
  138  8:38  Baneling x9  
  138  8:39  Baneling x3  
  138  8:40  Roach x3  
  148  8:47  Zergling x4  
  148  8:48  Zergling x10, Overseer  
  150  8:51  Zergling x4  
  150  8:52  Zergling x2  
  152  8:59  Zergling x4  
  152  9:01  Zergling x2  
  152  9:02  Zergling x2  
  137  9:08  Zergling x2  
  137  9:09  Zergling x18  
  136  9:15  Roach x3  
  141  9:20  Zergling x2  
  141  9:21  Zergling x2  
  144  9:24  Zergling x4  
  144  9:34  Zergling x2  
  144  9:35  Zergling x4  
  144  9:37  Zergling x2  
  138  9:44  Zergling x4  
  138  9:45  Baneling x3  
  133  9:46  Baneling x6  
  133  9:50  Zergling x6  
  133  9:51  Ravager  
  133  9:52  Ravager  
Show
View Real Time Build Order
Export as new Build Order

Probe Protoss 

Build Orders: 1 Gate Expand, Zealot Archon, Dark Templar Rush 

Get SALT Encoding   

  12  0:01  Probe (Chrono Boost)  
  13  0:11  Probe (Chrono Boost)  
  14  0:18  Pylon  
  14  0:22  Probe (Chrono Boost)  
  15  0:37  Probe (Chrono Boost)  
  15  0:41  Gateway  
  16  0:44  Assimilator  
  16  0:47  Probe (Chrono Boost)  
  17  0:58  Probe (Chrono Boost)  
  18  1:09  Probe (Chrono Boost)  
  19  1:22  Nexus  
  19  1:24  Probe (Chrono Boost)  
  20  1:35  Cybernetics Core  
  20  1:37  Probe (Chrono Boost)  
  21  1:44  Assimilator  
  21  1:48  Probe (Chrono Boost)  
  21  1:53  Pylon  
  22  1:59  Probe (Chrono Boost)  
  23  2:08  Adept  
  23  2:11  Warp Gate  
  23  2:13  Probe (Chrono Boost)  
  26  2:25  Probe (Chrono Boost)  
  27  2:34  Mothership Core (Chrono Boost)  
  27  2:35  Stalker  
  27  2:36  Probe (Chrono Boost)  
  32  2:46  Probe (Chrono Boost)  
  33  2:51  Twilight Council  
  33  2:52  Probe (Chrono Boost)  
  33  2:57  Probe (Chrono Boost)  
  35  3:03  Probe (Chrono Boost)  
  36  3:07  Probe (Chrono Boost)  
  37  3:14  Robotics Facility, Probe (Chrono Boost)  
  37  3:18  Probe (Chrono Boost)  
  39  3:25  Probe (Chrono Boost)  
  40  3:28  Probe (Chrono Boost)  
  41  3:35  Probe (Chrono Boost), Pylon  
  41  3:37  Dark Shrine  
  41  3:39  Probe (Chrono Boost)  
  43  3:46  Probe (Chrono Boost)  
  44  3:52  Gateway  
  44  3:53  Gateway  
  45  3:55  Probe (Chrono Boost)  
  45  3:56  Warp Prism, Gateway  
  45  3:57  Probe (Chrono Boost)  
  48  4:05  Assimilator  
  48  4:06  Probe (Chrono Boost)  
  48  4:08  Assimilator  
  49  4:12  Probe (Chrono Boost)  
  49  4:14  Pylon  
  49  4:16  Probe (Chrono Boost)  
  52  4:24  Probe (Chrono Boost)  
  52  4:27  Probe (Chrono Boost)  
  52  4:30  Pylon  
  53  4:36  Probe (Chrono Boost)  
  54  4:39  Nexus  
  54  4:41  Pylon  
  54  4:43  Probe (Chrono Boost)  
  55  4:57  Probe (Chrono Boost)  
  55  4:58  Probe (Chrono Boost)  
  57  5:03  Dark Templar x2  
  57  5:04  Dark Templar x2  
  65  5:07  Probe (Chrono Boost)  
  65  5:10  Probe (Chrono Boost)  
  65  5:12  Pylon  
  67  5:16  Observer  
  67  5:18  Probe (Chrono Boost)  
  67  5:21  Archon x2  
  69  5:23  Probe (Chrono Boost)  
  70  5:30  Probe (Chrono Boost)  
  70  5:31  Forge  
  70  5:34  Gateway  
  71  5:35  Gateway  
  71  5:38  Immortal  
  71  5:39  Sentry x2  
  71  5:42  Pylon  
  79  5:53  Probe (Chrono Boost), Charge, Protoss Ground Weapons Level 1  
  80  5:58  Probe (Chrono Boost)  
  80  5:59  Probe (Chrono Boost), Pylon x2  
  83  6:04  Probe (Chrono Boost)  
  83  6:10  Probe (Chrono Boost)  
  85  6:11  Probe (Chrono Boost)  
  85  6:16  Probe (Chrono Boost), Immortal  
  86  6:22  Probe (Chrono Boost)  
  86  6:23  Probe (Chrono Boost)  
  92  6:26  Assimilator  
  92  6:28  Assimilator  
  92  6:29  Pylon  
  92  6:35  Gateway  
  92  6:38  Sentry, Gateway  
  92  6:39  Pylon  
  94  6:54  Immortal, Zealot  
  94  6:55  Zealot x4  
  108  7:02  Robotics Facility  
  108  7:12  Dark Templar  
  110  7:18  Stalker x5  
  120  7:23  Pylon  
  120  7:32  Pylon  
  120  7:33  Pylon  
  120  7:34  Pylon  
  120  7:42  Pylon  
  120  7:49  Zealot x2  
  120  7:58  Zealot  
  106  8:04  Zealot x3  
  106  8:05  Zealot x2  
  90  8:09  Immortal, Probe (Chrono Boost)  
  93  8:18  Dark Templar x2  
  96  8:23  Archon  
  96  8:24  Sentry  
  96  8:25  Mothership Core (Chrono Boost), Sentry x4  
  105  8:30  Zealot  
  105  8:48  Zealot x5  
  103  8:52  Immortal  
  100  9:06  Zealot x2  
  91  9:10  Zealot x3  
  97  9:19  Zealot  
  87  9:41  Zealot x4  
  87  9:52  Zealot  
  87  9:53  Zealot  
Tags
 
Add a new tag
Caveats
  • Supply blocks, unpowered buildings, or Contaminate may cause inaccurate times.
  • Supply counts are checked every 10 seconds.